[Event "*** Titled Tuesday Blitz"]
[Site "Chess.com"]
[Date "2019.10.01"]
[Round "1"]
[White "Grieve72"]
[Black "chessdjw"]
[Result "0-1"]
[WhiteElo "2268"]
[BlackElo "2633"]
[TimeControl "180+2"]
[EndTime "13:06:11 PDT"]
[Termination "chessdjw won by resignation"]

1. d4 Nf6 2. Bg5 d5 3. Bxf6 gxf6 4. c4 e5 5. Nf3 dxc4 6. Qa4+ Nc6 7. dxe5 fxe5 8.
Nc3 Bb4 9. e3 Be6 10. Nxe5 Qf6 11. f4 O-O 12. Nxc6 Bxc3+ 13. Kf2 Bxb2 14. Rd1 bxc6 15.
Qxc6 c3 16. Bd3 Rad8 17. g4 Qh4+ 0-1

[Event "*** Titled Tuesday Blitz"]
[Site "Chess.com"]
[Date "2019.10.01"]
[Round "1"]
[White "eldur16"]
[Black "nitpicker"]
[Result "1-0"]
[WhiteElo "2628"]
[BlackElo "2269"]
[TimeControl "180+2"]
[EndTime "13:06:12 PDT"]
[Termination "eldur16 won by resignation"]

1. e4 c5 2. Ne2 Nc6 3. d4 cxd4 4. Nxd4 Nf6 5. Nc3 d6 6. Bg5 Qb6 7. Nb3 e6 8. Qd2 Be7 9. O-O-O O-O 10. Kb1 Rd8 11.
f4 h6 12. Bxf6 Bxf6 13. g4 Be7 14. h4 a6 15. g5 h5 16. f5 exf5 17. Nd5 Qa7 18.
e5 Bf8 19. Nf6+ Kh8 20. Qe2 g6 21. exd6 Be6 22. Bg2 Rxd6 23. Rhe1 Rad8 24. Rxd6 Rxd6 25. Ne8 Rd7 26. Bxc6 bxc6 27. Qe5+ Kg8 28. Nf6+ Kh8 29. Nxh5+ Kg8 30. Nf6+ Kh8 31. Nxd7+ Bg7 32. Nf6 Qf2 33.
Qb8+ 1-0

[Event "*** Titled Tuesday Blitz"]
[Site "Chess.com"]
[Date "2019.10.01"]
[Round "1"]
[White "Dr-Bassem"]
[Black "XiaoKangZhong"]
[Result "1-0"]
[WhiteElo "2842"]
[BlackElo "2432"]
[TimeControl "180+2"]
[EndTime "13:06:13 PDT"]
[Termination "Dr-Bassem won by resignation"]

1. e4 c6 2. d4 d5 3. exd5 cxd5 4. c4 Nf6 5. Nc3 Nc6 6. Bg5 dxc4 7. Bxc4 Qxd4 8. Qxd4 Nxd4 9. O-O-O e5 10. f4 Bc5 11.
fxe5 Ng4 12. Nb5 O-O 13. Nxd4 Nf2 14. Ngf3 Bg4 15. Be2 Rac8 16. Kb1 Rfe8 17. h3 Nxh1 18. Rxh1 Bxd4 19. hxg4 Bxe5 20. Bb5 Re6 21. Bd7 Rc5 22. Bxe6 fxe6 23. Re1 Bf6 24. Bxf6 gxf6 25. Rxe6 Kf7 26. Re4 h6 27. b4 Rd5 28. Rd4 Rb5 29. Kc2 Ke6 30. Kc3 Rb6 31. a4 Rc6+ 32. Rc4 Rd6 33.
Rc7 b6 34. Rxa7 Rd1 35. Rb7 Kd5 1-0

[Event "*** Titled Tuesday Blitz"]
[Site "Chess.com"]
[Date "2019.10.01"]
[Round "1"]
[White "sandropozo"]
[Black "comsac"]
[Result "1-0"]
[WhiteElo "2617"]
[BlackElo "2255"]
[TimeControl "180+2"]
[EndTime "13:06:13 PDT"]
[Termination "sandropozo won by resignation"]

1. d4 d5 2. Nf3 e6 3. c4 Nf6 4. Nc3 Be7 5. g3 O-O 6. Bg2 b6 7. O-O Bb7 8. Ne5 Na6 9. cxd5 Nxd5 10. Nxd5 Bxd5 11. Nc6 Qd7 12. Nxe7+ Qxe7 13. e4 Bb7 14.
Be3 c5 15. d5 Rad8 16. Qb3 exd5 17. exd5 Nb4 18. Rfd1 Qd7 19. Bg5 f6 20. d6+ Kh8 21. Bf4 Bxg2 22. Kxg2 Nc6 23. Qd5 Nd4 24. b4 Qc6 25. Rxd4 Qxd5+ 26. Rxd5 cxb4 27. d7 Rf7 28. Rad1 1-0

[Event "*** Titled Tuesday Blitz"]
[Site "Chess.com"]
[Date "2019.10.01"]
[Round "1"]
[White "mortngabriel"]
[Black "Grandmaster1369"]
[Result "0-1"]
[WhiteElo "2326"]
[BlackElo "2684"]
[TimeControl "180+2"]
[EndTime "13:06:20 PDT"]
[Termination "Grandmaster1369 won on time"]

1. d4 Nf6 2. Nf3 g6 3. c4 Bg7 4.
Nc3 O-O 5. e4 d6 6. h3 Nbd7 7. Be2 e5 8. d5 a5 9. g4 Nc5 10. Qc2 Bd7 11. Bg5 c6 12. O-O-O Qc7 13. Kb1 a4 14. Nd2 Rfc8 15. f3 Qa5 16. Nf1 Ne8 17.
Bd2 Qc7 18. Ne3 Qb6 19. h4 Nb3 20. g5 Nd4 21. Qd3 a3 22. Bc1 axb2 23. Bxb2 Nc7 24.
Nc2 Na6 25. Nxd4 Nc5 26. Qc2 exd4 0-1

[Event "*** Titled Tuesday Blitz"]
[Site "Chess.com"]
[Date "2019.10.01"]
[Round "1"]
[White "Blackmind96"]
[Black "ChessBitl"]
[Result "1-0"]
[WhiteElo "2675"]
[BlackElo "2325"]
[TimeControl "180+2"]
[EndTime "13:06:21 PDT"]
[Termination "Blackmind96 won by resignation"]

1. d4 Nf6 2. c4 g6 3. f3 Bg7 4. e4 d6 5. Nc3 O-O 6. Be3 Nc6 7. Nge2 a6 8. Qd2 Rb8 9. Rc1 Bd7 10. Nd1 b5 11. c5 e5 12. d5 Ne7 13. Ng3 h5 14.
Be2 h4 15. Nf1 Nh5 16. Bg5 Bf6 17. Bxf6 Nxf6 18. Qg5 Kg7 19. Qxh4 dxc5 20. Qf2 c6 21. d6 Nc8 22. Qxc5 Be8 23. Qxe5 Qxd6 24. Qxd6 Nxd6 25. e5 Nf5 26. exf6+ Kxf6 27. Kf2 Bd7 28. Nfe3 Rbc8 29. Nxf5 Bxf5 30. Ne3 Be6 31. a3 c5 32. Rhd1 Ke5 33. g3 g5 34. Ng2 Rh8 35. f4+ Kf6 36. fxg5+ Kxg5 37. h4+ Kf6 38. Nf4 Bb3 39. Rd3 Bc4 40. Rd6+ Ke7 41. Rxa6 Bxe2 42. Re1 Rhd8 43. Rxe2+ Kf8 44.
h5 c4 45. h6 c3 46. bxc3 Rxc3 47. Ra7 Kg8 48. Nh5 Rdd3 49. Nf6+ 1-0

[Event "*** Titled Tuesday Blitz"]
[Site "Chess.com"]
[Date "2019.10.01"]
[Round "1"]
[White "alishersuleymenov"]
[Black "colegiodemadrid"]
[Result "1-0"]
[WhiteElo "2701"]
[BlackElo "2344"]
[TimeControl "180+2"]
[EndTime "13:06:26 PDT"]
[Termination "alishersuleymenov won by checkmate"]

1. d4 d5 2. Bf4 e6 3. e3 Bd6 4. Bg3 Nf6 5. Nd2 b6 6. Ngf3 O-O 7. Bd3 Ba6 8. Bxa6 Nxa6 9. Ne5 c5 10. c3 Qc7 11. Qe2 Nb8 12. O-O Nfd7 13. f4 f6 14. Nxd7 Nxd7 15. e4 Rae8 16. e5 fxe5 17. dxe5 Be7 18.
Rae1 g6 19. c4 d4 20. Ne4 Rf5 21. h3 Ref8 22. Bh2 R5f7 23. Rf3 a6 24. Ref1 b5 25. b3 bxc4 26. bxc4 Qb7 27. g4 Qb4 28. Nd6 Bxd6 29. exd6 Nb6 30. Rc1 Na4 31. Qxe6 Qd2 32. Re1 Nb6 33. f5 Qxa2 34. fxg6 hxg6 35. Qxg6+ Rg7 36. Rxf8+ Kxf8 37. Re8# 1-0

[Event "*** Titled Tuesday Blitz"]
[Site "Chess.com"]
[Date "2019.10.01"]
[Round "1"]
[White "SCIM"]
[Black "Grischuk"]
[Result "0-1"]
[WhiteElo "2503"]
[BlackElo "3051"]
[TimeControl "180+2"]
[EndTime "13:06:30 PDT"]
[Termination "Grischuk won by checkmate"]

1. d4 Nf6 2. c4 e6 3. Nc3 Bb4 4. Qc2 d6 5. Nf3 Nbd7 6. Bd2 b6 7. a3 Bxc3 8. Bxc3 Bb7 9. e3 Ne4 10. Bd3 f5 11. Nd2 Nxc3 12. Qxc3 O-O 13. Nf3 Qe7 14. Be2 Nf6 15. O-O Ne4 16. Qc2 Rf6 17.
Rfd1 Raf8 18. d5 e5 19. Nd2 Nxd2 20. Qxd2 f4 21. e4 Bc8 22. f3 Rh6 23. Qe1 Qg5 24. Bf1 Qh5 25. h3 Rg6 26. Kh2 Rg3 27. Rd2 Rf6 28. Rc1 Rh6 29. Rcc2 Bxh3 30. gxh3 Qxh3+ 31. Bxh3 Rhxh3# 0-1

[Event "*** Titled Tuesday Blitz"]
[Site "Chess.com"]
[Date "2019.10.01"]
[Round "1"]
[White "Sajkochess"]
[Black "kosya4ok"]
[Result "0-1"]
[WhiteElo "2250"]
[BlackElo "2615"]
[TimeControl "180+2"]
[EndTime "13:06:35 PDT"]
[Termination "kosya4ok won by resignation"]

1. e4 c5 2. Nf3 Nc6 3. Bb5 g6 4. O-O Bg7 5. Re1 Nf6 6. c3 O-O 7. d4 d5 8. exd5 Qxd5 9. c4 Qd6 10. d5 Nd4 11. Nxd4 cxd4 12. Qxd4 Ng4 13. Qf4 Qxf4 14. Bxf4 Bxb2 15. Nd2 Bxa1 16. Rxa1 Nf6 17. Re1 a6 18.
Ba4 b5 19. Bb3 bxc4 20. Bxc4 Bb7 21. Rxe7 Bxd5 22. h3 Rfe8 23. Bd6 Rxe7 24. Bxe7 Bxc4 25. Nxc4 Nd5 26. Bd6 Rc8 27. Ne5 Rc1+ 28. Kh2 Rc2 29. a3 Rxf2 30. Nd3 Rd2 31. Nc5 Ne3 32. Bf4 Rxg2+ 33.
Kh1 Re2 34. Nxa6 Nc4 35. a4 Ra2 36. Nc5 Nb6 37. Bh6 Nxa4 38. Nd7 Rf2 39. Kg1 Rf5 40. Kg2 Nc5 41. Nb6 g5 42. Kg3 f6 43. Kg4 Rf4+ 44.
Kg3 Kf7 45. Nd5 Rh4 0-1

[Event "*** Titled Tuesday Blitz"]
[Site "Chess.com"]
[Date "2019.10.01"]
[Round "1"]
[White "MatthewG-p4p"]
[Black "KL31"]
[Result "1-0"]
[WhiteElo "2773"]
[BlackElo "2407"]
[TimeControl "180+2"]
[EndTime "13:06:37 PDT"]
[Termination "MatthewG-p4p won by resignation"]

1. c4 Nf6 2. g3 e6 3. Bg2 d5 4.
b3 d4 5. e3 c5 6. exd4 cxd4 7.
d3 Nc6 8. Nf3 Bd6 9. O-O O-O 10.
a3 a5 11. Re1 e5 12. Bg5 h6 13. Bxf6 Qxf6 14. Nbd2 Qg6 15. Qc2 f5 16. c5 Bc7 17.
Nc4 Re8 18. b4 axb4 19. axb4 Rxa1 20. Rxa1 e4 21. Nh4 Qe6 22. Nxf5 Qxf5 23. Bxe4 Qf6 24. b5 Rxe4 25. dxe4 d3 26. Qb2 Ne5 27. Ra8 Nf3+ 28. Kh1 Qe6 29. Nd2 Nxd2 30. Qxd2 Qxe4+ 31. Kg1 Qe6 32. Qxd3 1-0

[Event "*** Titled Tuesday Blitz"]
[Site "Chess.com"]
[Date "2019.10.01"]
[Round "1"]
[White "MITerryble"]
[Black "PotapovaM"]
[Result "1-0"]
[WhiteElo "2841"]
[BlackElo "2438"]
[TimeControl "180+2"]
[EndTime "13:06:41 PDT"]
[Termination "MITerryble won by checkmate"]

1. e4 c5 2. Nf3 d6 3. Bb5+ Nd7 4.
d4 cxd4 5. Qxd4 a6 6. Bxd7+ Bxd7 7. Bg5 h6 8. Bh4 Rc8 9. O-O e5 10. Bxd8 exd4 11. Bb6 Nf6 12. Nxd4 Be7 13. Nc3 O-O 14. Rfe1 Ng4 15. Nd5 Bg5 16. Rad1 Be6 17. b3 Bxd5 18.
exd5 Bf6 19. c4 Ne5 20. Nf5 Rcd8 21. Bxd8 Rxd8 22. f4 Ng6 23. g3 Nf8 24. Kg2 g6 25.
Nxh6+ Kg7 26. Ng4 Bc3 27. Re3 Bb4 28. Re7 Nd7 29. Rf1 Kf8 30. Re2 Bc5 31. f5 g5 32.
f6 Bd4 33. Re4 Bc3 34. Rf5 a5 35. Re3 Bd4 36. Re4 Bc3 37. Rxg5 Nxf6 38. Nxf6 Bxf6 39. Rh5 Ra8 40. a4 Ra6 41. Rf4 Be5 42. Rf3 Rb6 43.
Rhf5 f6 44. Rxf6+ Bxf6 45. Rxf6+ Kg7 46. Rf3 Ra6 47. g4 Ra8 48. Re3 Kf6 49. Re6+ Kg5 50. Kg3 Rd8 51. h4# 1-0

[Event "*** Titled Tuesday Blitz"]
[Site "Chess.com"]
[Date "2019.10.01"]
[Round "1"]
[White "gui_borba"]
[Black "riconaipe"]
[Result "0-1"]
[WhiteElo "2268"]
[BlackElo "2625"]
[TimeControl "180+2"]
[EndTime "13:06:42 PDT"]
[Termination "riconaipe won by resignation"]

1. e4 c6 2. d4 d5 3. e5 Bf5 4. Ne2 e6 5. Ng3 Bg6 6. h4 h6 7. h5 Bh7 8. Bd3 Bxd3 9. cxd3 Ne7 10. O-O Nd7 11. Be3 c5 12. dxc5 Nxe5 13. d4 Nc4 14. Nd2 Nxd2 15. Qxd2 Nc6 16. b4 Be7 17. b5 Na5 18. f4 Nc4 19. Qe2 Rc8 20. f5 e5 21.
dxe5 Nxe3 22. f6 Nxf1 23. fxe7 Qxe7 24. Rxf1 O-O 25. Nf5 Qxc5+ 26. Kh1 Qc4 27. Qf2 Qg4 28. Ng3 Rc4 29. e6 Qxe6 30. Nf5 Rg4 31. Qf3 Rg5 32. Nd4 Qe4 0-1

[Event "*** Titled Tuesday Blitz"]
[Site "Chess.com"]
[Date "2019.10.01"]
[Round "1"]
[White "maxip32"]
[Black "TheNicoChasin"]
[Result "1-0"]
[WhiteElo "2511"]
[BlackElo "1893"]
[TimeControl "180+2"]
[EndTime "13:06:42 PDT"]
[Termination "maxip32 won by resignation"]

1. e4 c5 2. Nf3 e6 3. d3 Nc6 4.
g3 g6 5. Bg2 Bg7 6. O-O Nge7 7.
Re1 d6 8. c3 O-O 9. d4 cxd4 10.
cxd4 d5 11. e5 Nf5 12. Nc3 h5 13. a3 b6 14. b4 a5 15. b5 Nce7 16. Bg5 Bd7 17.
a4 Rc8 18. h3 Rxc3 19. Qd2 Rc4 20. g4 hxg4 21. hxg4 Qc7 22. gxf5 Nxf5 23. Bh3 Rc8 24. Bf6 Bh6 25. Bg5 Rc2 26. Qf4 Bxg5 27. Nxg5 Kg7 28.
Kg2 Rh8 29. Bxf5 exf5 30. Rh1 Rh5 31. Rxh5 gxh5 32. Rh1 Kg6 33. Qh4 f4 34. Qxh5+ Kf5 35. Qxf7+ Kg4 36. Qh5+ Kf5 37. Nf3+ Ke4 38. Qh7+ Bf5 39.
Re1+ Kd3 40. Qxf5+ Kc3 41. e6 Qg7+ 42. Qg5 1-0

[Event "*** Titled Tuesday Blitz"]
[Site "Chess.com"]
[Date "2019.10.01"]
[Round "1"]
[White "Bad4life"]
[Black "Leonid_Starozhilov"]
[Result "1-0"]
[WhiteElo "2346"]
[BlackElo "2676"]
[TimeControl "180+2"]
[EndTime "13:06:47 PDT"]
[Termination "Bad4life won on time"]

1. e4 g6 2. d4 Bg7 3. Nc3 d6 4. f4 Nf6 5. Nf3 O-O 6. e5 dxe5 7. fxe5 Nd5 8. Bc4 Nxc3 9. bxc3 c5 10. O-O Bg4 11. h3 Bxf3 12. Qxf3 Nc6 13. Bxf7+ Kh8 14. e6 cxd4 15. Bf4 Qb6 16. Kh1 Qc5 17. cxd4 Nxd4 18. Qxb7 Nxe6 19. Bxe6 Qxc2 20. Bb3 Qe2 21. Rae1 Qh5 22.
Bd5 Rad8 23. Bf3 Qh4 24. Bh2 Bf6 25. Qxa7 Rd2 26. a4 Rc8 27. Re4 Qg5 28. Bf4 Qd5 29. Rxe7 Bxe7 30. Bxd5 1-0

[Event "*** Titled Tuesday Blitz"]
[Site "Chess.com"]
[Date "2019.10.01"]
[Round "1"]
[White "LazarusChess92"]
[Black "Perecke"]
[Result "1-0"]
[WhiteElo "2546"]
[BlackElo "2110"]
[TimeControl "180+2"]
[EndTime "13:06:48 PDT"]
[Termination "LazarusChess92 won by checkmate"]

1. d4 d5 2. c4 e6 3. Nf3 Nf6 4. g3 dxc4 5. Bg2 Nc6 6. O-O Rb8 7. a4 a6 8. a5 Bb4 9. Bd2 Bxd2 10. Qxd2 O-O 11. Na3 Ne4 12. Qc2 Nd6 13. Nxc4 Nxc4 14. Qxc4 Qd5 15. Rfc1 Qxc4 16. Rxc4 Bd7 17.
e3 Rfc8 18. Nd2 Na7 19. Nb3 Bc6 20. Bxc6 Nxc6 21. Nc5 Ne7 22. Rac1 Rd8 23. Nb3 c6 24. Kf1 Nd5 25. Ke2 Kf8 26. Nc5 Ke7 27. Nd3 Kd6 28.
Ne5 Ke7 29. g4 f6 30. Nd3 Kd6 31. h4 g6 32. g5 fxg5 33. hxg5 Rd7 34. Ne5 Re7 35.
Rxc6+ bxc6 36. Rxc6# 1-0

[Event "*** Titled Tuesday Blitz"]
[Site "Chess.com"]
[Date "2019.10.01"]
[Round "1"]
[White "Korchmar_Vasiliy"]
[Black "benhal"]
[Result "1-0"]
[WhiteElo "2668"]
[BlackElo "2309"]
[TimeControl "180+2"]
[EndTime "13:06:49 PDT"]
[Termination "Korchmar_Vasiliy won by resignation"]

1. d4 d5 2. c4 e6 3. Nf3 Nf6 4. Nc3 c6 5. Bf4 dxc4 6. e4 b5 7. Be2 b4 8. Na4 Nxe4 9. Bxc4 Be7 10. O-O O-O 11. Ne5 Bb7 12. Bd3 Nf6 13. Rc1 c5 14.
Nxc5 Bd5 15. Bb1 a5 16. Qd3 g6 17. Rfe1 Nc6 18. Nxc6 Bxc6 19. Nxe6 Qd5 20. Rxc6 Qxc6 21. Nxf8 Bxf8 22. Be5 Ng4 23. Qg3 Nxe5 24. Be4 Nf3+ 25. Qxf3 Re8 26. g3 Qc4 27. Kg2 Rd8 28. d5 Qxa2 29. Qf6 Rd6 30. Qe5 a4 31. Rc1 Rd8 32. Qf6 Rb8 33. Rc7 1-0

[Event "*** Titled Tuesday Blitz"]
[Site "Chess.com"]
[Date "2019.10.01"]
[Round "1"]
[White "chesstatour"]
[Black "FMJoseHerrera"]
[Result "0-1"]
[WhiteElo "2031"]
[BlackElo "2519"]
[TimeControl "180+2"]
[EndTime "13:06:52 PDT"]
[Termination "FMJoseHerrera won on time"]

1. c4 Nf6 2. Nc3 c5 3. Nf3 b6 4. d4 cxd4 5. Nxd4 Bb7 6. Bg5 e6 7. Qc2 Be7 8. O-O-O a6 9. Kb1 d6 10. f3 Nbd7 11. e4 Qc7 12. Be2 Rc8 13. Rhe1 Ne5 14. Bxf6 gxf6 15. Rc1 Nxc4 16. Bxc4 Qxc4 17. Qd2 Qb4 18.
a3 Qa5 19. Nb3 Qg5 20. f4 Qh5 21. f5 Qg5 22. Qf2 Rg8 23. Qxb6 Bc6 24. Nd4 Bd7 25.
fxe6 fxe6 26. Qxa6 Qxg2 27. Ndb5 Rc6 28. Qa8+ Kf7 29.
Qa7 Rd8 30. Rf1 Rc5 31. Qa6 Rb8 32. a4 Bxb5 33. Nxb5 Qxe4+ 34. Ka1 Rcxb5 0-1

[Event "*** Titled Tuesday Blitz"]
[Site "Chess.com"]
[Date "2019.10.01"]
[Round "1"]
[White "santosalberto1987"]
[Black "12teen"]
[Result "0-1"]
[WhiteElo "2381"]
[BlackElo "2734"]
[TimeControl "180+2"]
[EndTime "13:06:54 PDT"]
[Termination "12teen won by resignation"]

1. e4 e5 2. Nf3 Nc6 3. Bc4 g6 4. d3 Bg7 5. O-O d6 6. Ng5 Nh6 7. f4 O-O 8. f5 gxf5 9. exf5 d5 10. f6 Bxf6 11. Qh5 Bg7 12. Bb3 Nd4 13. Nc3 c6 14. h3 Bf5 15. Qd1 Bg6 16. Nf3 Nhf5 17.
Ne2 Nxe2+ 18. Qxe2 Ng3 19. Qf2 Nxf1 20. Qxf1 e4 21. Nh2 Qb6+ 22. Kh1 e3 23. c3 d4 24. Nf3 Rae8 25. Nxd4 Bxd4 26. cxd4 e2 27. Qe1 Qxd4 28. Bh6 Qxb2 29. Bxf8 Qxa1 30. Qxa1 e1=Q+ 0-1

[Event "*** Titled Tuesday Blitz"]
[Site "Chess.com"]
[Date "2019.10.01"]
[Round "1"]
[White "MaestroASK"]
[Black "FearNoEvil12"]
[Result "1-0"]
[WhiteElo "2520"]
[BlackElo "2028"]
[TimeControl "180+2"]
[EndTime "13:06:58 PDT"]
[Termination "MaestroASK won by resignation"]

1. g3 d5 2. Bg2 Nf6 3. d3 c5 4. e4 Nc6 5. c3 dxe4 6. dxe4 Qxd1+ 7. Kxd1 Bg4+ 8. f3 O-O-O+ 9. Ke2 Bd7 10. Bh3 e5 11. Nd2 Be7 12. Nc4 Kc7 13. Bg5 h6 14.
Bxf6 gxf6 15. Bxd7 Rxd7 16. Nh3 h5 17. Rad1 h4 18. g4 Rhd8 19. Rxd7+ Rxd7 20. Nf2 Nd8 21. Nd3 Ne6 22. a4 b6 23. Rd1 a6 24. b3 b5 25.
axb5 axb5 26. Ne3 Kc6 27. Ra1 Nc7 28. Nf5 h3 29. Nf2 c4 30. b4 Bd8 31. Nxh3 Ne6 32. Ne3 Bb6 33. Nd5 Bd8 34. Nf2 Rxd5 35. exd5+ Kxd5 36. Rd1+ Kc6 37. h4 Bb6 38. Nh3 Nf8 39. h5 f5 40. gxf5 Nh7 41. h6 1-0

[Event "*** Titled Tuesday Blitz"]
[Site "Chess.com"]
[Date "2019.10.01"]
[Round "1"]
[White "Natalya_Buksa"]
[Black "BlueWizzard"]
[Result "0-1"]
[WhiteElo "2437"]
[BlackElo "2839"]
[TimeControl "180+2"]
[EndTime "13:07:00 PDT"]
[Termination "BlueWizzard won by checkmate"]

1. e4 c5 2. Nf3 g6 3. c3 Nf6 4. d4 Nxe4 5. Bd3 d5 6. O-O Bg7 7. Re1 O-O 8. Bxe4 dxe4 9. Rxe4 cxd4 10. cxd4 Nc6 11. Bg5 h6 12. Bh4 g5 13. Bg3 f5 14.
Re1 f4 15. Bh4 gxh4 16. Nc3 Nxd4 17. Nxd4 Qxd4 18. Qh5 Bf5 19. Rxe7 Rad8 20. Rae1 Rd7 21. Rxd7 Qxd7 22. Qxh4 Re8 23. Rf1 Bd3 24. Rd1 Bc2 25. Rf1 Qf5 26. h3 Qg5 27. Qxg5 hxg5 28. Rc1 Bd3 29. Nd5 Re2 30. Rc8+ Kh7 31. b3 Bd4 32. Rc7+ Kh6 33. Rxb7 Re1+ 34. Kh2 Bxf2 35. g4 Bg3+ 36.
Kg2 Be4# 0-1

[Event "*** Titled Tuesday Blitz"]
[Site "Chess.com"]
[Date "2019.10.01"]
[Round "1"]
[White "WorldChampionBulletChess"]
[Black "Vlad_Lukiianchuk"]
[Result "0-1"]
[WhiteElo "2115"]
[BlackElo "2549"]
[TimeControl "180+2"]
[EndTime "13:07:00 PDT"]
[Termination "Vlad_Lukiianchuk won by resignation"]

1. d4 Nf6 2. c4 g6 3. Nc3 Bg7 4.
e4 d6 5. f3 c6 6. Be3 a6 7.
Bd3 b5 8. Nge2 Nbd7 9. Qd2 Rb8 10. O-O O-O 11. b3 Re8 12. f4 Ng4 13. e5 bxc4 14. bxc4 c5 15. h3 Nxe3 16. Qxe3 cxd4 17. Nxd4 dxe5 18. Nc6 Qc7 19. Nxb8 exf4 20. Qd2 Qxb8 21. Rab1 Qa7+ 22. Kh1 Nc5 23. Bc2 g5 24. Nd5 e6 25.
Nb6 Bb7 26. Nd7 Nxd7 27. Qd3 Nf6 28. c5 Be4 29. Qc4 Bd5 30. Qa4 Qxc5 31. Bd3 Qe3 32. Bxa6 Qxh3+ 0-1

[Event "*** Titled Tuesday Blitz"]
[Site "Chess.com"]
[Date "2019.10.01"]
[Round "1"]
[White "Arman_Hakemi"]
[Black "ecwinslow"]
[Result "1-0"]
[WhiteElo "2532"]
[BlackElo "2080"]
[TimeControl "180+2"]
[EndTime "13:07:02 PDT"]
[Termination "Arman_Hakemi won by checkmate"]

1. d4 Nf6 2. c4 g6 3. g3 Bg7 4. Bg2 O-O 5. Nc3 d6 6. Nf3 Nbd7 7. O-O e5 8. e4 c6 9. h3 Qb6 10. c5 dxc5 11. dxe5 Ne8 12. e6 fxe6 13. Ng5 Ne5 14. f4 c4+ 15. Kh2 Nd3 16. e5 Bd7 17. Qe2 c5 18. h4 Bc6 19. Bh3 Bd7 20. h5 Nc7 21.
hxg6 hxg6 22. Qe4 Be8 23. Qxc4 Nxe5 24. fxe5 Rxf1 25. Qxf1 Bxe5 26. Qe2 Qd6 27. Nce4 Qd5 28. Bf4 Bb5 29. Qg4 Rf8 30. Qh4 Rf5 31. Bxf5 exf5 32.
Bxe5 Qxe5 33. Qh7+ Kf8 34. Qf7# 1-0

[Event "*** Titled Tuesday Blitz"]
[Site "Chess.com"]
[Date "2019.10.01"]
[Round "1"]
[White "vugarrasulov"]
[Black "Tonychess32"]
[Result "1-0"]
[WhiteElo "2845"]
[BlackElo "2447"]
[TimeControl "180+2"]
[EndTime "13:07:05 PDT"]
[Termination "vugarrasulov won by checkmate"]

1. d4 Nf6 2. c4 c5 3. d5 b5 4.
cxb5 a6 5. f3 axb5 6. e4 d6 7.
Bxb5+ Nbd7 8. Nc3 Ba6 9. Bxa6 Rxa6 10. f4 c4 11. Qe2 Qc8 12. Nf3 g6 13. e5 dxe5 14.
fxe5 Ng4 15. h3 Nh6 16. g4 e6 17. Ne4 Bb4+ 18. Kf1 Ng8 19. Bd2 Bc5 20. d6 Ba7 21.
Kg2 f5 22. Neg5 Nc5 23. gxf5 gxf5 24. Nd4 h6 25. Qh5+ Kd8 26. Nf7+ Kd7 27. Nxh8 Qb7+ 28. Kh2 Kc8 29. Qe8# 1-0

[Event "*** Titled Tuesday Blitz"]
[Site "Chess.com"]
[Date "2019.10.01"]
[Round "1"]
[White "MasterKroket"]
[Black "platy3"]
[Result "0-1"]
[WhiteElo "2451"]
[BlackElo "2851"]
[TimeControl "180+2"]
[EndTime "13:07:09 PDT"]
[Termination "platy3 won by resignation"]

1. d4 Nf6 2. c4 e6 3. Nf3 d5 4.
Nc3 dxc4 5. Bg5 Bb4 6. e4 b5 7. e5 h6 8. Bh4 g5 9. Nxg5 hxg5 10.
Bxg5 Nbd7 11. exf6 Bb7 12. Qc2 c5 13. O-O-O cxd4 14. Rxd4 Qb6 15. Rd2 O-O-O 16. a3 Bxc3 17. Qxc3 Nc5 18. Kb1 Ne4 19. Rxd8+ Rxd8 20. Qc1 Nxg5 21. Qxg5 Be4+ 22. Ka2 Rd1 23. Qg8+ Qd8 24. Qxd8+ Kxd8 25. b4 c3 26. Bd3 Bd5+ 0-1

[Event "*** Titled Tuesday Blitz"]
[Site "Chess.com"]
[Date "2019.10.01"]
[Round "1"]
[White "Roman_Ovetchkin"]
[Black "Kozok"]
[Result "1-0"]
[WhiteElo "2660"]
[BlackElo "2297"]
[TimeControl "180+2"]
[EndTime "13:07:09 PDT"]
[Termination "Roman_Ovetchkin won by resignation"]

1. d4 Nf6 2. c4 e6 3. Nc3 d5 4. cxd5 exd5 5. Bg5 Bb4 6. e3 O-O 7. Bd3 h6 8. Bh4 c5 9. Ne2 c4 10. Bc2 Re8 11. O-O g5 12. Bg3 Nc6 13. Nb5 Re7 14. a3 Ba5 15. b4 Bb6 16. Nbc3 Kg7 17. Qd2 Bg4 18. f3 Bh5 19. b5 Na5 20. Be5 Bc7 21.
Ng3 Bg6 22. Bxc7 Qxc7 23. Rae1 Rae8 24. e4 Rd8 25. e5 Ne8 26. f4 f6 27. Bxg6 Kxg6 28.
Qc2+ Kf7 29. fxg5 hxg5 30. Qh7+ Ng7 31. Rxf6+ Ke8 32. e6 Nxe6 33. Qg6+ Kd7 34. Rfxe6 Qf4 35.
Rxe7+ Kc8 36. Qe6+ Kb8 37. Qe5+ 1-0

[Event "*** Titled Tuesday Blitz"]
[Site "Chess.com"]
[Date "2019.10.01"]
[Round "1"]
[White "DonPreuss"]
[Black "doons21"]
[Result "0-1"]
[WhiteElo "2221"]
[BlackElo "2609"]
[TimeControl "180+2"]
[EndTime "13:07:11 PDT"]
[Termination "doons21 won by resignation"]

1. e4 e6 2. d4 d5 3. Nc3 Bb4 4. exd5 exd5 5. Bd3 Nc6 6. Ne2 Nge7 7. O-O Bg4 8. f3 Bf5 9. Ng3 Bg6 10. Nce2 Bd6 11.
f4 Bxd3 12. Qxd3 Qd7 13. c3 h5 14. b4 h4 15. Nh1 Qf5 16. Qxf5 Nxf5 17. Nf2 f6 18.
Nd3 Kf7 19. Bd2 Rae8 20. Rae1 b6 21. Nec1 Nce7 22. a4 Ng6 23. Nb3 Re4 24. a5 Rhe8 25.
axb6 axb6 26. Kf2 Nxf4 27. Nxf4 Bxf4 28. Bxf4 Rxf4+ 29. Kg1 Rxf1+ 30. Kxf1 Ra8 31. Ra1 Ne3+ 32. Kf2 Ng4+ 33. Kg1 Rxa1+ 34. Nxa1 Ne3 35. Kf2 Nd1+ 36. Ke2 Nxc3+ 37. Kd3 Ne4 38. Nc2 Ke6 39. Ne3 f5 40. b5 g5 41. g3 hxg3 0-1

[Event "*** Titled Tuesday Blitz"]
[Site "Chess.com"]
[Date "2019.10.01"]
[Round "1"]
[White "Raja3401"]
[Black "2nd_life"]
[Result "1-0"]
[WhiteElo "2814"]
[BlackElo "2416"]
[TimeControl "180+2"]
[EndTime "13:07:18 PDT"]
[Termination "Raja3401 won by resignation"]

1. e4 e5 2. Nf3 Nc6 3. Bb5 a6 4. Ba4 Nf6 5. O-O Be7 6. d3 b5 7.
Bb3 d6 8. a3 Be6 9. Ba2 Bxa2 10. Rxa2 O-O 11. Nc3 h6 12. Bd2 Re8 13. a4 b4 14. Nd5 a5 15. c3 Nxd5 16. exd5 bxc3 17. bxc3 Nb8 18. Rb2 Nd7 19. Be3 Rb8 20. Qc2 Rxb2 21.
Qxb2 Qa8 22. Qa2 Rb8 23. Nd2 Bg5 24. Bxg5 hxg5 25. Qc4 Qa7 26. Qg4 Nf6 27. Qxg5 Nxd5 28. Ne4 Kf8 29. Qh5 Kg8 30. Ng5 Nf6 31. Qxf7+ Kh8 32. Ne6 Rg8 33. Nxg7 Rxg7 34. Qxf6 Qc5 35. Rb1 Qxc3 36. Rb8+ Kh7 37. Qf5+ Rg6 38. Qf7+ Kh6 39. Rh8+ Kg5 40. h4+ 1-0

[Event "*** Titled Tuesday Blitz"]
[Site "Chess.com"]
[Date "2019.10.01"]
[Round "1"]
[White "ural58"]
[Black "731291"]
[Result "1-0"]
[WhiteElo "2357"]
[BlackElo "2629"]
[TimeControl "180+2"]
[EndTime "13:07:18 PDT"]
[Termination "ural58 won by resignation"]

1. Nc3 Nf6 2. e4 e6 3. e5 Nd5 4. Nxd5 exd5 5. Nf3 d6 6. d4 Nc6 7. Bb5 Be7 8. exd6 Bxd6 9. Bg5 f6 10. Qe2+ Kf7 11.
Be3 Bf5 12. O-O-O Nb4 13. Nh4 Bxc2 14. Rd2 Be4 15. a3 Nc6 16. f3 Bg6 17. g4 Re8 18. Qf2 a6 19. Bd3 Bxd3 20. Rxd3 Na5 21. Nf5 Bf8 22. h4 Nc4 23. Bf4 g6 24. Ne3 Qd7 25.
h5 g5 26. Bg3 Qc6 27. Kb1 Qb5 28.
Nd1 Nxa3+ 29. Rxa3 Bxa3 30. f4 Bd6 31. fxg5 Qd3+ 32.
Ka1 Bxg3 33. Qxf6+ Kg8 34. g6 Rf8 35. Qe6+ Kh8 36.
Qd7 Rf7 37. Qxf7 1-0

[Event "*** Titled Tuesday Blitz"]
[Site "Chess.com"]
[Date "2019.10.01"]
[Round "1"]
[White "sergeikim"]
[Black "Bigfish1995"]
[Result "0-1"]
[WhiteElo "2487"]
[BlackElo "2989"]
[TimeControl "180+2"]
[EndTime "13:07:19 PDT"]
[Termination "Bigfish1995 won by resignation"]

1. d4 Nf6 2. c4 e6 3. Nc3 Bb4 4. Qc2 d5 5. a3 Be7 6. Nf3 Nbd7 7.
cxd5 exd5 8. Bf4 c6 9. e3 Nh5 10. Bg3 Nxg3 11. hxg3 g6 12. Bd3 Nb6 13. O-O-O Bf6 14.
e4 Be6 15. e5 Bg7 16. Qd2 h6 17. Kb1 Qe7 18. Rc1 O-O-O 19. Nb5 Kb8 20. Nxa7 Nc4 21. Bxc4 dxc4 22. Qa5 Qc7 23. Qa4 Qb6 24. Nxc6+ Qxc6 25. Qa5 Rd5 26. Qc3 Rb5 27. Ka1 Qd5 28. Nd2 Rc8 29.
f3 f5 30. Rhe1 h5 31. Re2 Bh6 32. f4 Bf8 33. Qf3 Qxd4 0-1